 Dungeon Crawl Stone Soup version 0.31-a0-369-g8eba5f6939 (webtiles) character file.

Game seed: 14372943630595833161

641 Gelion the Changeling (level 7, -3/47 HPs)
             Began as an Octopode Shapeshifter on July 28, 2023.
             Slain by an ogre
             ... wielding a +0 giant club
              (48 damage)
             ... on level 5 of the Dungeon.
             The game lasted 00:07:07 (3905 turns).

Gelion the Changeling (Octopode Shapeshifter)       Turns: 3905, Time: 00:07:07

Health: -3/47      AC:  5    Str: 14    XL:     7   Next: 51%
Magic:  7/7        EV:  2    Int: 11    God:
Gold:   122        SH:  0    Dex: 14    Spells: 6/6 levels left

rFire   . . .        o - +3 dagger
rCold   . . .        (no shield)
rNeg    . . .        (helmet currently unavailable)
rPois   .            f - amulet of reflection
rElec   .            g - ring of see invisible
rCorr   .            r - +4 ring of protection
SInv    +            (no ring)
Will    .....        (no ring)
Stlth   ++           (no ring)
HPRegen 0.27/turn    (no ring)
MPRegen 0.10/turn    (no ring)
                     (no ring)

%: reflection
@: beast-form, sleeping
A: beast (slay +3), almost no armour, amphibious, 8 rings, camouflage 1,
gelatinous body 1, (nimble swimmer 1), tentacles
a: Begin Untransformation


You were on level 5 of the Dungeon.
You were a hulking beast.
You visited 1 branch of the dungeon, and saw 5 of its levels.

You collected 326 gold pieces.
You spent 204 gold pieces at shops.

Inventory:

Hand Weapons
 n - a +0 falchion of holy wrath
 o - a +3 dagger (weapon)
Missiles
 p - 8 poisoned darts
 s - a throwing net
Jewellery
 f - an amulet of reflection (around mantle)
 g - a ring of see invisible (left tentacle)
 r - a +4 ring of protection (right tentacle)
Talismans
 b - a beast talisman
Scrolls
 h - a scroll of enchant weapon
 k - a scroll of fear
 m - 2 scrolls of revelation
 u - a scroll of fog
Potions
 a - 2 potions of lignification
 c - 2 potions of heal wounds {unknown}
 d - a potion of ambrosia {unknown}
 e - a potion of attraction {unknown}
 i - a potion of brilliance
 j - a potion of berserk rage
 l - a potion of mutation {unknown}
 q - a potion of curing {unknown}
 t - a potion of magic {unknown}


   Skills:
 + Level 3.9 Fighting
 - Level 2.0 Dodging
 + Level 4.9 Unarmed Combat
 * Level 5.5 Shapeshifting


You had 6 spell levels left.
You didn't know any spells.
Your spell library contained the following spells:

 Spells                   Type           Power      Damage    Failure   Level
 Kiss of Death            Conj/Necr      0%         2d5       34%         1
 Necrotise                Necr           0%         1d4       34%         1
 Summon Small Mammal      Summ           0%         N/A       34%         1
 Call Canine Familiar     Summ           0%         N/A       71%         3
 Confusing Touch          Hex            0%         N/A       71%         3
 Portal Projectile        Hex/Tloc       0%         N/A       71%         3
 Summon Guardian Golem    Hex/Summ       0%         N/A       71%         3
 Vampiric Draining        Necr           0%         2d6       71%         3
 Volatile Blastmotes      Fire/Tloc      0%         2d10      71%         3
 Dispel Undead            Necr           0%         3d6       98%         4
 Fulminant Prism          Conj/Hex       0%         3d5       98%         4
 Iskenderun's Mystic Bla  Conj/Tloc      0%         2d3       98%         4
 Leda's Liquefaction      Hex/Erth       0%         N/A       98%         4
 Agony                    Necr           0%         N/A       100%        5
 Orb of Destruction       Conj           0%         9d5       100%        7
 Spellforged Servitor     Conj/Summ      0%         N/A       100%        7


Dungeon Overview and Level Annotations

Branches:
Dungeon (5/15)
 Temple: D:4-7

Altars:
Kikubaaqudgha
Okawaru
Wu Jian
Xom

Shops:
D:3 :   D:4 (

Annotations:
D:3 Natasha
D:5 1 transporter, porpoise's ghost, amateur DsGl


Innate Abilities, Weirdness & Mutations

You are a hulking beast.
Your limbs bulge with bestial killing power. (Slay +3)
You cannot wear most types of armour.
You are amphibious.
You can wear up to eight rings at the same time.
Your skin changes colour to match your surroundings (Stealth+).
Your rubbery body absorbs attacks. (AC +1, EV +1)
((You are camouflaged when in or above water. (Stealth+)))
You have tentacles for arms and can constrict up to eight enemies at once.


Message History

The adder hisses angrily.
Found 5 stones and 14 gold pieces.
The adder bites you.
You are poisoned.
The adder poisons you!
You closely miss the adder. Your grab misses the adder.
Your squeeze misses the adder.
You feel sick. The adder completely misses you.
You hit the adder. You grab the adder. You tentacle-slap the adder.
You squeeze the adder.
You kill the adder!
You feel sick.
No target in view!
You feel sick.
You feel sick.
You feel sick.
You feel sick.
You feel sick.
You are no longer poisoned.
u - a scroll of fog The ufetubus shouts!
You hear a shout!
An adder comes into view.
The adder hisses angrily.
A sleepcap comes into view.
An ogre comes into view. It is wielding a +0 giant club.
Found a transporter.
Porpoise's ghost turns its malevolent gaze towards you.
The ogre shouts!
You hit the adder. You grab the adder. You squeeze the adder.
You kill the adder!
You hit the ogre.
The ogre is moderately wounded.
The ogre closely misses you. You block the sleepcap's attack.
You hit the ogre.
The ogre is moderately wounded.
The sleepcap releases spores at you.
You are engulfed in a cloud of soporific spores!
You fall asleep.
The ogre hits you with a +0 giant club!!!
Ouch! That really hurt!
You die...

# ########### #..... . #
#..... .. ..## #.....
... #...##..... ....
#........ .....#######
###......
##.........#### #...##.
#.....Oh......####.#....
......f...............>.
...#########...###.#....
..##..WoY5W##..###......
..#8.......8#..##.......
..#.........#...........
..#.........#...........
.©#....©...(#©........#.
.......$#....#......


You could see an orc warrior, an ice beast, an ogre, a phantom, a sleepcap,
porpoise's ghost and an ufetubus.

Vanquished Creatures
  An ogre (D:4)
  A black bear (D:5)
  A kobold brigand (D:3)
  A gnoll bouda (D:5)
  2 jellies (D:4)
  An orc wizard (D:4)
  Natasha (twice) (D:3)
  10 gnolls
  8 adders
  2 worms
  2 dart slugs
  6 orcs
  3 ball pythons
  11 endoplasms
  A giant cockroach (D:2)
  10 goblins
  8 hobgoblins
  A jackal (D:1)
  A quokka (D:4)
  2 bats
  A frilled lizard (D:2)
  3 kobolds
  2 rats
80 creatures vanquished.

Vanquished Creatures (others)
  A human (D:3)
1 creature vanquished.

Grand Total: 81 creatures vanquished

Notes
Turn   | Place    | Note
-------+----------+-------------------------------------------
     0 | D:1      | Gelion the Octopode Shapeshifter began the quest for the
                  | Orb.
     0 | D:1      | Reached XP level 1. HP: 13/13 MP: 1/1
   248 | D:1      | Reached XP level 2. HP: 18/18 MP: 2/2
   919 | D:2      | Reached XP level 3. HP: 23/23 MP: 3/3
  1516 | D:3      | Noticed Natasha
  1522 | D:3      | Killed Natasha
  1523 | D:3      | Reached XP level 4. HP: 17/29 MP: 4/4
  1648 | D:3      | Found Zitiziw's Book Shop.
  1682 | D:3      | Noticed a kobold brigand
  1691 | D:3      | Killed a kobold brigand
  1692 | D:3      | Reached skill level 4 in Shapeshifting
  1692 | D:3      | Reached XP level 5. HP: 16/35 MP: 5/5
  1792 | D:3      | Found a shimmering altar of Xom.
  1891 | D:3      | Noticed Natasha
  1898 | D:3      | Killed Natasha
  2005 | D:3      | Found an ornate altar of the Wu Jian Council.
  2010 | D:3      | Noticed a spectral centipede
  2010 | D:3      | Noticed a spectral black mamba
  2010 | D:3      | Noticed a spectral cane toad
  2195 | D:3      | Identified the +2 cloak "Gum Ziese" {+Blink}
  2216 | D:3      | Found an ancient bone altar of Kikubaaqudgha.
  2218 | D:3      | Noticed a human
  2219 | D:3      | Killed a human
  2442 | D:3      | Noticed Natasha
  2623 | D:4      | Found an iron altar of Okawaru.
  2684 | D:4      | Reached XP level 6. HP: 31/41 MP: 6/6
  2957 | D:4      | Found Umuadghir's Antique Weapon Boutique.
  3038 | D:4      | Bought a glowing falchion for 204 gold pieces
  3175 | D:4      | Reached skill level 5 in Shapeshifting
  3175 | D:4      | Reached XP level 7. HP: 28/46 MP: 7/7
  3669 | D:5      | Entered Level 5 of the Dungeon
  3896 | D:5      | Noticed porpoise's ghost (amateur DsGl)
  3900 | D:5      | Found a transporter.
  3905 | D:5      | Slain by an ogre

Illustrated notes

Levels and vault maps discovered:
D:1:      dpeg_arrival_water_temple_mockup, layout_basic,
          chequers_serial_rivers_micro_b, grunt_decor_arrowhead, st_stairs_8,
          grunt_decor_junction
D:2:      layout_loops_ring, chequers_garden
D:3:      layout_loops_cross, pdpol_wu_jian_five_deadly_venoms,
          xom_teletrap_fun, tgw_kikubaaqudgha, serial_shops,
          nicolae_book_shop_shelving, kennysheep_generic_room_15, uniq_natasha
D:4:      layout_loops_ring, lemuel_tele_altar, serial_shops, shop_fountains
D:5:      layout_basic, gammafunk_ghost_arena, minmay_misc_feat_x

Skill      XL: |  1  2  3  4  5  6 |
---------------+-------------------+-----
Fighting       | 2 3 |  3.9
Shapeshifting  | 4 5 |  5.5
Unarmed Combat | 4 |  4.9
Dodging        | |  2.0

Action                     |  1- 3 |  4- 6 |  7- 9 || total
---------------------------+-------+-------+-------++-------
  Melee: Short sword       |    49 |    87 |       ||   136
         Unarmed           |     4 |       |       ||     4
         Tentacles         |     9 |    23 |    12 ||    44
         Punch             |     1 |     2 |     4 ||     7
         Constrict         |    11 |    23 |     9 ||    43
         Dagger            |       |    10 |    35 ||    45
    Use: Scroll            |     3 |     8 |     1 ||    12
   Stab: Sleeping          |     8 |     6 |       ||    14
         Distracted        |     1 |       |       ||     1
 Armour: Skin              |     1 |    12 |     2 ||    15
  Dodge: Dodged            |    15 |    47 |    26 ||    88
  Block: Other             |       |       |     7 ||     7

Table legend: (Time is in decaauts)
 A = Elapsed time spent in this place.
 B = Non-inter-level travel time spent in this place.
 C = Inter-level travel time spent in this place.
 D = Time resting spent in this place.
 E = Time spent auto-exploring this place.
 F = Levels seen in this place.
 G = Mean time per level.
                   A        B        C        D        E       F      G
               +--------+--------+--------+--------+--------+-----+--------+
         Total |   3903 |   3826 |     77 |    154 |   3079 |   5 |  780.6 |
       Dungeon |   3903 |   3826 |     77 |    154 |   3079 |   5 |  780.6 |
               +--------+--------+--------+--------+--------+-----+--------+

Top non-repeatable levels by time:
     D:3: 1100 daAuts
     D:4: 1097 daAuts
     D:1: 877 daAuts
     D:2: 636 daAuts
     D:5: 191 daAuts
